 Dungeon Crawl Stone Soup version 0.24-a0-698-g60d090ba07 (webtiles) character file.

74 mustrum the Slasher (level 4, -23/61 HPs)
             Began as a Minotaur Chaos Knight on Dec 20, 2018.
             Was a Plaything of Xom.
             Annihilated by a sun demon (26 damage)
             ... summoned by Xom
             ... on level 3 of the Dungeon on Sept 30, 2020.
             The game lasted 00:17:36 (1469 turns).

mustrum the Slasher (Minotaur Chaos Knight)         Turns: 1469, Time: 00:17:40

Health: -23/61     AC:  5    Str: 23    XL:     4   Next: 10%
Magic:  3/3        EV: 12    Int:  9    God:    Xom [......]
Gold:   158        SH:  0    Dex: 12    Spells: 3/3 levels left

rFire    . . .     SeeInvis .   q - +0 spear (vamp)
rCold    . . .     Gourm    .   (no shield)
rNeg     . . .     Faith    .   b - +2 leather armour
rPois    .         Spirit   .   (helmet restricted)
rElec    .         Reflect  .   (no cloak)
rCorr    .         Harm     .   (no gloves)
MR       .....                  (no boots)
Stlth    ..........             (no amulet)
HPRegen  0.20/turn              f - +3 ring of dexterity
MPRegen  0.08/turn              l - ring of stealth

@: berserking, very quick
A: retaliatory headbutt, horns 2
a: Renounce Religion


You were on level 3 of the Dungeon.
You worshipped Xom.
You were a very special plaything of Xom.
You were hungry.

You visited 1 branch of the dungeon, and saw 3 of its levels.

You collected 158 gold pieces.

Inventory:

Hand Weapons
 a - a +0 falchion of chaos
 o - a +0 short sword
 q - a +0 vampiric spear (weapon)
Armour
 b - a +2 leather armour (worn)
Jewellery
 f - a +3 ring of dexterity (left hand)
 l - a ring of stealth (right hand)
Scrolls
 d - 2 scrolls of magic mapping {unknown}
 e - a scroll of fog {unknown}
 g - 2 scrolls of identify {unknown}
 h - a scroll of random uselessness {unknown}
 n - a scroll of immolation {unknown}
Potions
 i - 2 potions of curing
 j - 2 potions of berserk rage
 k - a potion of might {unknown}
 m - a potion of resistance {unknown}
Comestibles
 c - a ration


   Skills:
 + Level 4.5 Fighting
 + Level 5.0 Long Blades
 + Level 0.1 Polearms
 + Level 2.8 Armour
 + Level 1.4 Dodging


You had 3 spell levels left.
You didn't know any spells.
Your spell library was empty.

Dungeon Overview and Level Annotations

Branches:
Dungeon (3/15)

Altars:
Xom


Innate Abilities, Weirdness & Mutations

You reflexively headbutt those who attack you in melee.
You have a pair of horns on your head.


Message History

You slide downwards.
The hatch slams shut behind you.
Found 2 rations.
Found a stone staircase leading down.
You start waiting. "Let's see if it's strong enough to survive yet."
You hit the sun demon but do no damage. The sun demon closely misses you.
You hit the sun demon.
The sun demon is lightly wounded.
The sun demon hits you.
You are engulfed in flames!
The sun demon closely misses you. The sun demon hits you!
You are engulfed in flames!
* * * LOW HITPOINT WARNING * * *
Xom thinks this is hilarious!
Found 19 gold pieces.
It was a potion of berserk rage.
A red film seems to cover your vision as you go berserk!
You feel yourself moving faster!
You feel mighty!
Xom roars with laughter!
The sun demon hits you!!
You die...
Xom howls with laughter!

# .# #.# #..>..
###.#.### #.....
#....$..# #..#..
#@# ....###3#
....##3# #..##.#
...#.#..##.##.##.
#...%............#
...#.#..##.##.####
.....##.# #
.......##..


You could see a sun demon and a smoke demon.

Vanquished Creatures
  Robin (D:2)
  2 worms (D:2)
  3 dart slugs
  2 leopard geckos (D:2)
  5 bats
  2 giant cockroaches
  8 hobgoblins
  2 frilled lizards (D:2)
  10 goblins
  7 kobolds
  6 rats
48 creatures vanquished.

Notes
Turn   | Place    | Note
-------+----------+-------------------------------------------
     0 | D:1      | mustrum the Minotaur Chaos Knight began the quest for the
                  | Orb.
     0 | D:1      | Reached XP level 1. HP: 19/19 MP: 0/0
    51 | D:1      | Upgraded the game from 0.23-a0-607-g760965b to
                  | 0.24-a0-698-g60d090ba07
   166 | D:1      | Reached skill level 4 in Long Blades
   221 | D:1      | Reached XP level 2. HP: 26/27 MP: 1/1
   235 | D:1      | XOM: divination: magic mapping
   367 | D:1      | XOM: scenery: create altars
   750 | D:2      | XOM: smoke on damage
   750 | D:2      | XOM: torment (15/27 hp)
   801 | D:2      | Noticed Robin
   806 | D:2      | Reached XP level 3. HP: 33/33 MP: 2/2
   820 | D:2      | Killed Robin
  1115 | D:2      | Reached XP level 4. HP: 38/41 MP: 3/3
  1119 | D:2      | XOM: medium Ice miscast
  1238 | D:2      | XOM: silly message
  1285 | D:2      | Reached skill level 5 in Long Blades
  1459 | D:3      | XOM: summons 2 hostile demons
  1460 | D:3      | Noticed a smoke demon
  1460 | D:3      | Noticed a sun demon
  1468 | D:3      | HP: 2/41 [sun demon[Xom] (15)]
  1469 | D:3      | Annihilated by a sun demon

Levels and vault maps discovered:
D:1:      dpeg_arrival_chambers_temple_mockup, chequers_mini_garden
D:2:      layout_basic, uniq_robin
D:3:      layout_loops_cross, lemuel_round_altar, first_ration

Skill      XL: |  1  2  3  4 |
---------------+-------------+-----
Long Blades    | 4 5 |  5.0
Fighting       | 4 |  4.5
Polearms       | |  0.1
Armour         | |  2.8
Dodging        | |  1.4

Action                   |  1- 3 |  4- 6 || total
-------------------------+-------+-------++-------
Melee: Falchion          |    66 |     1 ||    67
       Headbutt          |    16 |     4 ||    20
       Spear             |       |    18 ||    18
  Use: Potion            |     1 |     1 ||     2
       Scroll            |     1 |       ||     1
 Stab: Sleeping          |       |     1 ||     1
  Eat: Chunk             |       |     1 ||     1
Armor: Leather armour    |    21 |     4 ||    25
Dodge: Dodged            |    30 |    11 ||    41
       Rpst.: Falchion   |     7 |       ||     7

Table legend:
 A = Non-vault XP
 B = Vault XP
 C = Vault XP percentage of total XP
 D = Non-vault monster count
 E = Vault monster count
 F = Vault count percentage of total count
                 A         B        C        D         E       F
            +---------+---------+-------+---------+---------+-------
      Total |      72 |      35 |  32.7 |      37 |      11 |  22.9
            +---------+---------+-------+---------+---------+-------
        D:1 |      28 |       0 |   0.0 |      16 |       0 |   0.0
        D:2 |      44 |      35 |  44.3 |      21 |      11 |  34.4
            +---------+---------+-------+---------+---------+-------
